 Dungeon Crawl Stone Soup version 0.29.1-2-gbd0b4ee654 (webtiles) character file.

Game seed: 146155548125541987

375 qeuew the Shield-Bearer (level 6, 0/48 HPs)
             Began as a Vine Stalker Fighter on Nov 8, 2022.
             Succumbed to Crazy Yiuf's poison
             ... on level 2 of the Dungeon.
             The game lasted 00:02:10 (2004 turns).

qeuew the Shield-Bearer (Vine Stalker Fighter)      Turns: 2004, Time: 00:02:11

Health: 0/48       AC:  8    Str: 19    XL:     6   Next: 73%
Magic:  4/10       EV: 10    Int:  8    God:
Gold:   168        SH:  5    Dex: 15    Spells: 9/9 levels left

rFire   . . .      SeeInvis .   a - +1 war axe
rCold   . . .      Faith    .   c - +0 buckler
rNeg    . . .      Spirit   +   b - +0 scale mail
rPois   .          Reflect  .   (no helmet)
rElec   .          Harm     .   (no cloak)
rCorr   .          Rampage  .   i - +0 pair of gloves
Will    .....                   (no boots)
Stlth   ..........              (no amulet)
HPRegen 0.96/turn               (no ring)
MPRegen 0.12/turn               (no ring)

@: berserking (expiring), lethally poisoned (0 -> -5), very quick
A: fangs 2, regeneration 1, magic shield, antimagic bite, no potion heal 2
a: no special abilities


You were on level 2 of the Dungeon.
You visited 1 branch of the dungeon, and saw 2 of its levels.

You collected 168 gold pieces.

Inventory:

Hand Weapons
 a - a +1 war axe (weapon)
Armour
 b - a +0 scale mail (worn)
 c - a +0 buckler (worn)
 i - a +0 pair of gloves (worn)
Jewellery
 m - a ring of fire
Wands
 h - a wand of flame (19)
Scrolls
 e - 2 scrolls of identify
Potions
 d - a potion of might
 f - a potion of berserk rage
 g - a potion of brilliance
 j - a potion of heal wounds {unknown}
 k - a potion of resistance
 l - a potion of invisibility {unknown}


   Skills:
 + Level 3.6 Fighting
 + Level 3.0 Axes
 + Level 3.2 Armour
 + Level 2.0 Dodging
 + Level 3.6 Shields
 + Level 2.3 Spellcasting


You had 9 spell levels left.
You didn't know any spells.
Your spell library contained the following spells:

 Spells                   Type           Power      Damage    Failure   Level
 Ozocubu's Armour         Ice            0%         N/A       99%         3
 Summon Guardian Golem    Hex/Summ       0%         N/A       99%         3
 Passage of Golubria      Tloc           0%         N/A       100%        4
 Silence                  Hex/Air        0%         N/A       100%        5
 Orb of Destruction       Conj           0%         9d5       100%        7
 Ozocubu's Refrigeration  Ice            0%         4d7       100%        7
 Spellforged Servitor     Conj/Summ      0%         N/A       100%        7
 Lehudib's Crystal Spear  Conj/Erth      0%         10d2      100%        8


Dungeon Overview and Level Annotations

Branches:
Dungeon (2/15)

Altars:
Xom


Innate Abilities, Weirdness & Mutations

You have extremely sharp teeth.
Your natural rate of healing is unusually fast.
When hurt, damage is shared between your health and your magic reserves.
Your bite disrupts and absorbs the magic of your enemies.
Potions cannot restore your health.


Message History

Crazy Yiuf hits you with a +2 quarterstaff of chaos.
You feel your power leaking away.
There is an open translucent door here.
You hit Crazy Yiuf. You bite Crazy Yiuf. You drain his power.
You feel invigorated.
Crazy Yiuf is moderately wounded.
Crazy Yiuf screams, "Millenium!
Tosser ladder senile."
Crazy Yiuf hits you with a +2 quarterstaff of chaos!
You are poisoned.
You slash Crazy Yiuf! Your bite misses Crazy Yiuf.
Crazy Yiuf is severely wounded.
You feel very sick.
Crazy Yiuf hits you with a +2 quarterstaff of chaos!
Crazy Yiuf draws strength from your wounds!
You closely miss Crazy Yiuf. You bite Crazy Yiuf. You drain his power.
You feel invigorated.
Crazy Yiuf is severely wounded.
* * * LOW HITPOINT WARNING * * *
You feel very sick. Crazy Yiuf completely misses you.
Crazy Yiuf hits you with a +2 quarterstaff of chaos.
* * * LOW HITPOINT WARNING * * *
A red film seems to cover your vision as you go berserk!
You feel yourself moving faster!
You feel mighty!
* * * LOW HITPOINT WARNING * * *
You feel very sick.
Crazy Yiuf hits you with a +2 quarterstaff of chaos.
* * * LOW HITPOINT WARNING * * *
You are lethally poisoned!
You slash Crazy Yiuf!
You kill Crazy Yiuf!
* * * LOW HITPOINT WARNING * * *
You feel very sick.
Your Dodging skill increases to level 2!
* * * LOW HITPOINT WARNING * * *
You feel sick.
Things that are here:
a +2 quarterstaff of chaos; a +0 cloak You feel a strong urge to attack something.
You die...

...........# ♣♣...♣ ##..########
...........# ♣♣.♣♣ #..)........
...).......# ♣♣.♣ #...########
...!...^...# ♣.♣♣ #.....######
..#####...## ♣♣.♣ #...........
..# #....# ♣.♣♣ #(..#######. .##
###.## ##'## #...#######. ..# #.#
#.).# #........... .##### #.##
#.@.# #...#######. .# #.# ##..#
#)..# #...# #. .###.###...# #####
#...#######. .......'...#
#........... ####.###...#########
#........... ......##.......##..#
##...##...).
......##...........## #...##.....
.###................###.#.##.....
.###.##.#...#..._.......#.##.....


There were no monsters in sight!

Vanquished Creatures
  Sigmund (D:2)
  Crazy Yiuf (D:2)
  Jessica (D:2)
  Natasha (thrice) (D:2)
  3 gnolls (D:2)
  A worm (D:1)
  A dart slug (D:1)
  4 bats
  6 endoplasms
  5 goblins
  3 hobgoblins (D:1)
  6 jackals (D:1)
  3 ball pythons (D:1)
  4 frilled lizards
  3 kobolds
  3 rats
48 creatures vanquished.

Notes
Turn   | Place    | Note
-------+----------+-------------------------------------------
     0 | D:1      | qeuew the Vine Stalker Fighter began the quest for the Orb.
     0 | D:1      | Reached XP level 1. HP: 11/11 MP: 2/2
    33 | D:1      | Found a faded altar of an unknown god.
    42 | D:1      | Reached XP level 2. HP: 15/16 MP: 3/3
   359 | D:1      | Reached XP level 3. HP: 19/19 MP: 3/5
  1050 | D:2      | Found a shimmering altar of Xom.
  1126 | D:2      | Noticed Natasha
  1132 | D:2      | Killed Natasha
  1133 | D:2      | Reached skill level 1 in Dodging
  1133 | D:2      | Reached skill level 1 in Spellcasting
  1133 | D:2      | Gained mutation: Your natural rate of healing is unusually
                  | fast. [Vine Stalker growth]
  1133 | D:2      | Reached XP level 4. HP: 23/24 MP: 4/6
  1241 | D:2      | Noticed Natasha
  1248 | D:2      | Killed Natasha
  1307 | D:2      | Noticed Natasha
  1314 | D:2      | Killed Natasha
  1315 | D:2      | Reached XP level 5. HP: 28/28 MP: 6/8
  1450 | D:2      | Found a runed translucent door.
  1451 | D:2      | Noticed Crazy Yiuf
  1475 | D:2      | Noticed Sigmund
  1487 | D:2      | Killed Sigmund
  1488 | D:2      | Reached XP level 6. HP: 27/32 MP: 6/10
  1536 | D:2      | Noticed Jessica
  1542 | D:2      | Killed Jessica
  2002 | D:2      | Killed Crazy Yiuf
  2002 | D:2      | HP: 1/48 [poisoned by Crazy Yiuf]
  2004 | D:2      | Succumbed to Crazy Yiuf's poison

Illustrated notes

Levels and vault maps discovered:
D:1:      nzn_arrival_water_spiral, layout_loops_ring,
          hellmonk_ecumenical_altar_blasted, hangedman_decor_slide_cut,
          chequers_serial_rivers_room_b, hangedman_decor_growths,
          nicolae_wormholes
D:2:      layout_basic, basic_altar, uniq_sigmund, uniq_jessica, uniq_natasha,
          uniq_crazy_yiuf_cottage

Skill      XL: |  1  2  3  4  5  6 |
---------------+-------------------+-----
Axes           | 2 3 |  3.0
Fighting       | 3 |  3.6
Dodging        | 1 2 |  2.0
Shields        | 3 |  3.6
Spellcasting   | 1 2 |  2.3
Armour         | 3 |  3.2

Action                   |  1- 3 |  4- 6 || total
-------------------------+-------+-------++-------
Melee: War axe           |    62 |    44 ||   106
       Bite              |    13 |    13 ||    26
  Use: Potion            |     4 |     1 ||     5
       Scroll            |     2 |       ||     2
Armor: Scale mail        |    32 |     9 ||    41
Dodge: Dodged            |    39 |    22 ||    61
Block: Buckler           |    11 |    12 ||    23
